 Dungeon Crawl Stone Soup version 0.29-a0-233-g1125b37a9b (webtiles) character file.

Game seed: 9492376447507622086

17 bande the Covered (level 2, 0/19 HPs)
             Began as a Gargoyle Fighter on Mar 2, 2022.
             Slain by an adder (1 damage)
             ... on level 2 of the Dungeon.
             The game lasted 00:01:11 (1057 turns).

bande the Covered (Gargoyle Fighter)                Turns: 1057, Time: 00:01:12

Health: 0/19       AC:  9    Str: 19    XL:     2   Next: 62%
Magic:  2/2        EV:  9    Int:  8    God:
Gold:   33         SH:  5    Dex:  9    Spells: 1/1 levels left

rFire   . . .      SeeInvis .   a - +0 war axe (vorpal)
rCold   . . .      Faith    .   c - +1 buckler
rNeg    + . .      Spirit   .   b - +0 scale mail
rPois   ∞          Reflect  .   (no helmet)
rElec   +          Harm     .   (no cloak)
rCorr   .          Rampage  .   (no gloves)
Will    .....                   (no boots)
Stlth   ..........              (no amulet)
HPRegen 0.06/turn               (no ring)
MPRegen 0.08/turn               (no ring)

@: no status effects
A: sickness immunity, AC +2, negative energy resistance 1, electricity
resistance, torment resistance 1, petrification resistance
a: no special abilities


You were on level 2 of the Dungeon.
You visited 1 branch of the dungeon, and saw 2 of its levels.

You collected 33 gold pieces.

Inventory:

Hand Weapons
 a - a +0 vorpal war axe (weapon)
Armour
 b - a +0 scale mail (worn)
 c - a +1 buckler (worn)
Scrolls
 f - a scroll of fog {unknown}
 g - a scroll of acquirement {unknown}
Potions
 d - a potion of might
 e - a potion of haste
 h - a potion of lignification {unknown}


   Skills:
 + Level 3.4 Fighting
 + Level 1.9 Axes
 + Level 3.7 Armour
 + Level 3.6 Shields


You had one spell level left.
You didn't know any spells.
Your spell library contained the following spells:

 Spells                   Type           Power      Damage    Failure   Level
 Ensorcelled Hibernation  Hex/Ice        0%         N/A       94%         2
 Passwall                 Tmut/Erth      0%         N/A       94%         2
 Swiftness                Air            0%         N/A       99%         3


Dungeon Overview and Level Annotations

Branches:
Dungeon (2/15)

Altars:


Innate Abilities, Weirdness & Mutations

You are immune to sickness and miasma.
Your stone body is resilient. (AC +2)
You are immune to poison.
You resist negative energy. (rN+)
You are resistant to electric shocks. (rElec)
You are resistant to unholy torment.
You are immune to petrification.


Message History

You hit the hobgoblin but do no damage.
The hobgoblin is moderately wounded.
You closely miss the adder. The adder bites you. The adder barely misses you.
The hobgoblin hits you.
You closely miss the hobgoblin.
The hobgoblin is moderately wounded.
You closely miss the adder. The adder bites you but does no damage.
The hobgoblin hits you but does no damage.
The adder barely misses you.
You barely miss the hobgoblin.
The hobgoblin is moderately wounded.
You hit the adder but do no damage.
The hobgoblin hits you but does no damage.
The adder bites you.
The hobgoblin hits you but does no damage.
The adder barely misses you.
You closely miss the hobgoblin.
The hobgoblin is moderately wounded.
You closely miss the adder. The adder barely misses you.
The hobgoblin hits you but does no damage.
Unknown command.
You hit the hobgoblin.
You kill the hobgoblin!
You closely miss the adder. The adder barely misses you. The adder bites you.
You hit the worm.
The worm is lightly wounded.
You closely miss the adder. The adder bites you but does no damage.
You block the adder's attack. The worm bites you.
* * * LOW HITPOINT WARNING * * *
Unknown command.
You hit the worm.
The worm is heavily wounded.
You hit the adder. The adder bites you but does no damage.
The adder closely misses you. The worm bites you.
* * * LOW HITPOINT WARNING * * *
Unknown command.
You slash the worm!
You kill the worm!
You closely miss the adder. The adder barely misses you. The adder bites you.
You die...

#.........# #.........#
#.........# #.........#
#.........# ..........#
......S...### .......@....#
..###+#####.# #.#...#.#####
###.#.#.#.....#
#...#....####.# ##########
#.#...........### .........#
#.#.##....#.....# .........#
#.#.......#.###.#
.........###.#..#....#.#.#.#


You could see an adder.

Vanquished Creatures
  A worm (D:2)
  3 ball pythons (D:1)
  3 goblins (D:1)
  2 hobgoblins
  2 quokkas
  A bat (D:1)
  A frilled lizard (D:1)
  2 kobolds (D:1)
  2 rats (D:1)
17 creatures vanquished.

Notes
Turn   | Place    | Note
-------+----------+-------------------------------------------
     0 | D:1      | bande the Gargoyle Fighter began the quest for the Orb.
     0 | D:1      | Reached XP level 1. HP: 14/14 MP: 1/1
   238 | D:1      | Reached XP level 2. HP: 18/19 MP: 2/2
  1057 | D:2      | Slain by an adder

Illustrated notes

Levels and vault maps discovered:
D:1:      heliophobic_arrival_enchanted_forest, layout_basic
D:2:      layout_basic, grunt_decor_cap, chequers_serial_rivers_small_a

Action                   || total
-------------------------++-------
Melee: War axe           ||    54
  Use: Scroll            ||     5
Armor: Scale mail        ||    42
Dodge: Dodged            ||    29
Block: Buckler           ||    21

Table legend: (Time is in decaauts)
 A = Elapsed time spent in this place.
 B = Non-inter-level travel time spent in this place.
 C = Inter-level travel time spent in this place.
 D = Time resting spent in this place.
 E = Time spent auto-exploring this place.
 F = Levels seen in this place.
 G = Mean time per level.
                   A        B        C        D        E       F      G
               +--------+--------+--------+--------+--------+-----+--------+
         Total |   1080 |   1065 |     15 |      0 |    921 |   2 |  540.0 |
       Dungeon |   1080 |   1065 |     15 |      0 |    921 |   2 |  540.0 |
               +--------+--------+--------+--------+--------+-----+--------+

Top non-repeatable levels by time:
     D:1: 900 daAuts
     D:2: 180 daAuts
